 Dungeon Crawl Stone Soup version 0.29-a0-284-gf9362112df (webtiles) character file.

Game seed: 6638032257700390204

65 spaghetti the Grasshopper (level 3, -2/26 (28) HPs)
             Began as a Demonspawn Warper on Mar 24, 2022.
             Was an Initiate of Ashenzari.
             Slain by a gnoll
             ... wielding a +0 spear
              (4 damage)
             ... on level 2 of the Dungeon.
             The game lasted 00:06:40 (3593 turns).

spaghetti the Grasshopper (Demonspawn Warper)       Turns: 3593, Time: 00:06:40

HP:   -2/26 (28)    AC:  4    Str: 11    XL:     3   Next: 94%
MP:   0/6           EV: 14    Int: 16    God:    Ashenzari [......]
Gold: 54            SH:  0    Dex: 12    Spells: 2/7 levels left

rFire   . . .      SeeInvis .   a - +0 falchion of the Lashed Incredulity {long, Self, Bglg} (curse)
rCold   . . .      Faith    .   (no shield)
rNeg    . . .      Spirit   .   b - +0 leather armour
rPois   .          Reflect  .   (no helmet)
rElec   .          Harm     .   (no cloak)
rCorr   .          Rampage  .   h - +0 pair of gloves
Will    .....                   (no boots)
Stlth   +.........              (no amulet)
HPRegen 0.08/turn               (no ring)
MPRegen 0.10/turn               (no ring)

@: very slightly contaminated, drained
A: repulsion field 2
a: Renounce Religion, Curse Item, Shatter the Chains


You were on level 2 of the Dungeon.
You worshipped Ashenzari.
Ashenzari was noncommittal.
You visited 1 branch of the dungeon, and saw 4 of its levels.

You collected 54 gold pieces.


Innate Abilities, Weirdness & Mutations

You are surrounded by a moderate repulsion field. (EV +3)


   Skills:
 - Level 2.0(2.3) Fighting
 - Level 1.7 Long Blades
 - Level 0.8 Throwing
 - Level 0.8 Armour
 + Level 2.3 Dodging
 + Level 1.3 Stealth
 + Level 2.2(2.6) Spellcasting
 + Level 3.6(4.1) Translocations


You had 2 spell levels left.
You knew the following spells:

 Your Spells              Type           Power      Damage    Failure   Level
a - Blink                 Tloc           30%        N/A       7%          2
b - Teleport Other        Tloc           15%        N/A       14%         3

Your spell library contained the following spells:

 Spells                   Type           Power      Damage    Failure   Level
 Gell's Gravitas          Tloc           15%        N/A       14%         3
 Lesser Beckoning         Tloc           15%        N/A       14%         3
 Manifold Assault         Tloc           15%        N/A       78%         5

Inventory:

Hand Weapons
 a - the cursed +0 falchion of the Lashed Incredulity (weapon) {long, Self, Bglg}

   It has a curse which improves the following skills: Introspection: Fighting
   and Spellcasting.
   Beguiling: Conjurations, Hexes and Translocations.
Missiles
 d - 7 boomerangs of dispersal {=f!fthrowing}
 e - 5 poisoned darts {throwing}
 g - 47 stones (quivered) {throwing}
Armour
 b - a +0 leather armour (worn)
 h - a +0 pair of gloves (worn)
   (You found it on level 2 of the Dungeon)
Scrolls
 f - a scroll of fog

Dungeon Overview and Level Annotations

Branches:
Dungeon (4/15)
 Temple: D:4-7

Altars:
Ashenzari

<#.#.#.....#.#.........#
...#.#.....#.#.#########
#..#.#....{#.#....#
#..#.#....g#.####.#
#ยง.#.#....g#.# #.#
#....'.....#.# #.#
#.'#'#....<#.# #.#
...........#.####.#
#.............)g@.#
#.....##'##.#######
#.....##.##.#
#.....'..##.#
#.....#####.# #...>.#
#.# #.....# #.# #.....#
#.# #######


You could see a gnoll.


Message History

The spell is quite dangerous to miscast (14% risk of failure)!
Continue anyway?
Aiming: Teleport Other (quite dangerous; 14% risk of failure)
Press: ? - help, Shift-Dir - straight line, f - gnoll
Aim: a gnoll, wielding a +0 halberd (chance to affect: 63%)
The gnoll looks slightly unstable. ๐Ÿ˜Ž MP[-3]
You lost 3 mp, and now have 3/6 mp.
The gnoll disappears!
You start resting. ๐Ÿ˜Ž MP[+3]
Your mp is fully restored (6).
A gnoll is nearby!
A gnoll is nearby!
A gnoll is nearby!
A gnoll is nearby!
The gnoll shouts!
You closely miss the gnoll.
The gnoll shouts!
The gnoll hits you with a +0 club. x2
You are too injured to fight recklessly!
You are too injured to fight recklessly!
You are too injured to fight recklessly! ๐Ÿ˜• HP[-5]
You take 5 damage, and now have 20/25 hp.
You are too injured to fight recklessly!
You are too injured to fight recklessly!
You are too injured to fight recklessly!
You are too injured to fight recklessly!
You are too injured to fight recklessly!
You are too injured to fight recklessly!
You are too injured to fight recklessly!
You are too injured to fight recklessly!
You are too injured to fight recklessly!
You are too injured to fight recklessly!
You are too injured to fight recklessly!
You are too injured to fight recklessly!
You are too injured to fight recklessly!
You are too injured to fight recklessly!
You are too injured to fight recklessly!
Unknown command.
You hit the gnoll. The gnoll closely misses you.
You hit the gnoll.
The gnoll completely misses you. ๐Ÿ˜• HP[+1]
You slash the gnoll! The gnoll barely misses you.
The gnoll hits you from afar with a +0 spear. ๐Ÿ˜ฎ HP[-4]
You take 4 damage, and now have 17/25 hp.
You hit the gnoll but do no damage. The gnoll barely misses you.
The gnoll hits you from afar with a +0 spear. ๐Ÿ˜ฎ HP[-2]
You take 2 damage, and now have 15/25 hp.
You hit the gnoll. The gnoll closely misses you.
The gnoll barely misses you. x2
The gnoll closely misses you.
You closely miss the gnoll. The gnoll hits you with a +0 club.
The gnoll barely misses you. ๐Ÿ˜ฎ HP[-1]
You take 1 damage, and now have 14/25 hp.
You closely miss the gnoll. The gnoll closely misses you.
The gnoll hits you with a +0 club. ๐Ÿ˜ฎ HP[-1]
You take 1 damage, and now have 13/25 hp.
You hit the gnoll.
You kill the gnoll!
The gnoll hits you from afar with a +0 spear.
* * * LOW HITPOINT WARNING * * *
๐Ÿ˜จ HP[-6]
You now have 26 max hp (+1).
You take 6 damage, and now have 7/26 hp.
MASSIVE DAMAGE!! (PAUSE)
Casting: Teleport Other (quite dangerous; 14% risk of failure)
Confirm with . or Enter, or press ? or * to list all spells.
The spell is quite dangerous to miscast (14% risk of failure)!
Continue anyway?
Aiming: Teleport Other (quite dangerous; 14% risk of failure)
Press: ? - help, Shift-Dir - straight line, f - gnoll
Aim: a gnoll, wielding a +0 spear (chance to affect: 63%)
You miscast Teleport Other.
You are very lightly contaminated with residual magic.
Nothing appears to happen.
The gnoll barely misses you. ๐Ÿ˜จ MP[-3]
You lost 3 mp, and now have 3/6 mp.
Casting: Teleport Other (quite dangerous; 14% risk of failure)
Confirm with . or Enter, or press ? or * to list all spells.
The spell is quite dangerous to miscast (14% risk of failure)!
Continue anyway?
Aiming: Teleport Other (quite dangerous; 14% risk of failure)
Press: ? - help, Shift-Dir - straight line, f/p - gnoll
Aim: a gnoll, wielding a +0 spear (chance to affect: 63%)
The gnoll resists with significant effort.
The gnoll closely misses you. ๐Ÿ˜จ MP[-3]
You lost 3 mp, and now have 0/6 mp.
You aren't carrying any items that you can evoke.
You aren't carrying any potions.
Okay, then.
The gnoll hits you with a +0 spear.
* * * LOW HITPOINT WARNING * * *
๐Ÿ˜ฑ HP[-6]
You take 6 damage, and now have 1/26 hp.
MASSIVE DAMAGE!! (PAUSE)
You barely miss the gnoll. The gnoll hits you with a +0 spear.
You die...

Skill      XL: |  1  2  3 |
---------------+----------+-----
Translocations | 3 |  3.6
Dodging        | 2 |  2.3
Stealth        | 1 |  1.3
Fighting       | |  2.0
Long Blades    | |  1.7
Throwing       | |  0.8
Armour         | |  0.8
Spellcasting   | |  2.2

Action                   || total
-------------------------++-------
Melee: Falchion          ||   218
Throw: Stone             ||    13
 Cast: Teleport Other    ||     7
       Blink             ||     1
Invok: Curse Item        ||     1
  Use: Potion            ||     4
       Scroll            ||     4
 Stab: Sleeping          ||     4
Armor: Leather armour    ||    51
Dodge: Dodged            ||   220

Levels and vault maps discovered:
D:1:      lightli_arrival_flooded_house, layout_basic,
          ebering_ecumenical_altar_petrified
D:2:      layout_basic, minmay_rat_gold_closets
D:3:      layout_loops_ring, uniq_terence
D:4:      layout_basic, portal_sewer_entry_f, gammafunk_ghost_nasty_kobolds,
          serial_shops, nicolae_shop_bloodbath_and_beyond, uniq_pikel,
          uniq_robin, uniq_natasha, uniq_menkaure

Notes
Turn   | Place    | Note
-------+----------+-------------------------------------------
     0 | D:1      | spaghetti the Demonspawn Warper began the quest for the
                  | Orb.
     0 | D:1      | Reached XP level 1. HP: 16/16 MP: 3/3
     0 | D:1      | magus.rc [v1.9.6]
   101 | D:1      | Found a faded altar of an unknown god.
   132 | D:1      | Prayed at the altar of an unknown god.
   132 | D:1      | Became a worshipper of Ashenzari the Shackled
   154 | D:1      | Reached skill level 3 in Translocations
   293 | D:1      | Gained mutation: You are surrounded by a mild repulsion
                  | field. (EV +2) [demonic ancestry]
   293 | D:1      | Reached XP level 2. HP: 22/23 MP: 5/5
   927 | D:1      | You fall into a shaft and drop 1 floor!
   927 | D:2      | Noticed a necrophage
  1022 | D:2      | HP: 5/21 [necrophage (5)]
  1347 | D:3      | HP: 4/20 [worm (6)]
  1862 | D:2      | Reached skill level 2 in Dodging
  1885 | D:2      | Learned a level 2 spell: Blink
  2058 | D:3      | Gained mutation: You are surrounded by a moderate repulsion
                  | field. (EV +3) [demonic ancestry]
  2058 | D:3      | Reached XP level 3. HP: 14/25 MP: 6/6
  2193 | D:3      | Learned a level 3 spell: Teleport Other
  2368 | D:2      | Reached skill level 1 in Stealth
  3228 | D:2      | HP: 6/25 [something (7)]
  3240 | D:2      | HP: 6/25 [something (6)]
  3592 | D:2      | HP: 1/26 [gnoll/+0 spear (6)]
  3593 | D:2      | Slain by a gnoll

Vanquished Creatures
  2 gnolls (D:2)
  A worm (D:3)
  3 endoplasms
  A giant cockroach (D:2)
  A goblin (D:1)
  3 hobgoblins
  7 jackals (D:2)
  2 quokkas
  4 ball pythons
  4 bats (D:1)
  4 frilled lizards
  2 kobolds
  9 rats
43 creatures vanquished.

Table legend:
 A = Non-vault XP
 B = Vault XP
 C = Vault XP percentage of total XP
 D = Non-vault monster count
 E = Vault monster count
 F = Vault count percentage of total count
                 A         B        C        D         E       F
            +---------+---------+-------+---------+---------+-------
      Total |      87 |       7 |   7.4 |      36 |       7 |  16.3
            +---------+---------+-------+---------+---------+-------
        D:1 |      21 |       0 |   0.0 |      15 |       0 |   0.0
        D:2 |      56 |       7 |  11.1 |      17 |       7 |  29.2
        D:3 |      10 |       0 |   0.0 |       4 |       0 |   0.0
            +---------+---------+-------+---------+---------+-------

Illustrated notes

Table legend:
 A = Kills in this place as a percentage of kills in entire the game.
 B = Kills by you in this place as a percentage of kills by you in the entire game.
 C = Kills by friends in this place as a percentage of kills by friends in the entire game.
 D = Other kills in this place as a percentage of other kills in the entire game.
 E = Experience gained in this place as a percentage of experience gained in the entire game.
 F = Experience gained in this place divided by the number of levels of this place that you have seen.
                   A       B       C       D       E      F
               +-------+-------+-------+-------+-------+----------------------
         Total | 100.0 | 100.0 |   N/A |   N/A | 100.0 |  23.5
       Dungeon | 100.0 | 100.0 |   N/A |   N/A | 100.0 |  23.5
               +-------+-------+-------+-------+-------+----------------------

Table legend: (Time is in decaauts)
 A = Elapsed time spent in this place.
 B = Non-inter-level travel time spent in this place.
 C = Inter-level travel time spent in this place.
 D = Time resting spent in this place.
 E = Time spent auto-exploring this place.
 F = Levels seen in this place.
 G = Mean time per level.
                   A        B        C        D        E       F      G
               +--------+--------+--------+--------+--------+-----+--------+
         Total |   3645 |   3520 |    125 |   1551 |   1283 |   4 |  911.2 |
       Dungeon |   3645 |   3520 |    125 |   1551 |   1283 |   4 |  911.2 |
               +--------+--------+--------+--------+--------+-----+--------+

Top non-repeatable levels by time:
     D:2: 1833 daAuts
     D:1: 1184 daAuts
     D:3: 382 daAuts
     D:4: 245 daAuts
